 Dungeon Crawl Stone Soup version 0.30-a0-576-g89cddaab80 (webtiles) character file.

Game seed: 9272386978828413113

13281 wormed the Covert (level 11, -1/56 (58) HPs)
             Began as a Spriggan Hunter on Dec 31, 2022.
             Was a High Priest of Okawaru.
             Slain by a hell rat (4 damage)
             ... while petrified by a basilisk
             ... on level 8 of the Dungeon.
             The game lasted 00:19:49 (13279 turns).

wormed the Covert (Spriggan Hunter)                Turns: 13279, Time: 00:19:49

HP:   -1/56 (58)    AC: 11    Str:  7    XL:     11   Next: 73%
MP:   12/12         EV:  4    Int: 11    God:    Okawaru [*****.]
Gold: 727           SH:  0    Dex: 23    Spells: 10/10 levels left

rFire   . . .      SeeInvis +    a - +1 shortbow (drain)
rCold   . . .      Faith    .    (shield currently unavailable)
rNeg    + + +      Spirit   .    s - +0 steam dragon scales
rPois   ∞          Reflect  .    (helmet restricted)
rElec   .          Harm     .    i - +1 cloak
rCorr   .          Rampage  .    (gloves unavailable)
Will    +....                    (boots unavailable)
Stlth   ++++++                   (no amulet)
HPRegen 0.29/turn                j - +4 ring of protection
MPRegen 0.13/turn                (no ring)

@: petrified, lightly drained, very quick
A: very small, no large weapons, unfitting armour, see invisible, speed 3
a: Renounce Religion, Heroism, Finesse, Duel


You were on level 8 of the Dungeon.
You worshipped Okawaru.
Okawaru was extremely pleased with you.
You visited 3 branches of the dungeon, and saw 13 of its levels.
You also visited: Bailey.

You collected 727 gold pieces.

Inventory:

Hand Weapons
 a - a +1 shortbow of draining (weapon)
Armour
 i - a +1 cloak (worn)
 s - +0 steam dragon scales (worn)
Jewellery
 j - a +4 ring of protection (left hand)
 u - a ring of magical power
Wands
 m - a wand of paralysis (6)
 q - a wand of flame (45)
 t - a wand of light (6)
 v - a wand of polymorph (5)
Scrolls
 c - 5 scrolls of teleportation
 d - 7 scrolls of magic mapping
 e - a scroll of silence
 g - 4 scrolls of fog
 k - a scroll of noise
 o - a scroll of amnesia
 p - 3 scrolls of vulnerability
 y - a scroll of identify
 A - a scroll of brand weapon
 B - a scroll of torment {unknown}
 D - a scroll of acquirement {unknown}
Potions
 b - 3 potions of flight {unknown}
 f - a potion of mutation {unknown}
 h - 2 potions of brilliance {unknown}
 l - 7 potions of curing
 n - a potion of heal wounds {unknown}
 r - a potion of invisibility {unknown}
 w - a potion of ambrosia {unknown}
 x - a potion of magic {unknown}
 z - 2 potions of cancellation {unknown}
 C - a potion of degeneration {unknown}


   Skills:
 + Level 7.3 Fighting
 * Level 12.7 Ranged Weapons
 + Level 11.4 Dodging
 + Level 13.2 Stealth


You had 10 spell levels left.
You didn't know any spells.
Your spell library contained the following spells:

 Spells                   Type           Power      Damage    Failure   Level
 Freeze                   Ice            0%         1d3       34%         1
 Necrotise                Necr           0%         1d4       34%         1
 Sandblast                Erth           0%         2d4       34%         1
 Passwall                 Tmut/Erth      0%         N/A       47%         2
 Frozen Ramparts          Ice            0%         1d1       71%         3
 Hailstorm                Conj/Ice       0%         3d3       71%         3
 Stone Arrow              Conj/Erth      0%         3d7       71%         3
 Vampiric Draining        Necr           0%         2d6       71%         3
 Agony                    Necr           0%         N/A       100%        5
 Eringya's Noxious Bog    Tmut/Pois      0%         N/A       100%        6
 Summon Forest            Summ/Tloc      Unusable   N/A       N/A         5
 Malign Gateway           Summ/Tloc      Unusable   N/A       N/A         7
 Summon Hydra             Summ           Unusable   N/A       N/A         7
 Summon Horrible Things   Summ           Unusable   N/A       N/A         8

Dungeon Overview and Level Annotations

Branches:
Dungeon (11/15)            Temple (1/1) D:7            Lair (1/5) D:8
 Bailey (visited)
    Orc: D:9-12

Altars:
Ashenzari
Cheibriados
Dithmenos
Elyvilon
Fedhas
Gozag
Hepliaklqana
Kikubaaqudgha
Makhleb
Nemelex Xobeh
Okawaru
Qazlal
Ru
Sif Muna
Trog
Uskayaw
Vehumet
Wu Jian
Xom
Yredelemnul
Zin
The Shining One

Shops:
D:5 *

Annotations:
D:9 1 runed translucent door, Newt's ghost, novice DsGl


Innate Abilities, Weirdness & Mutations

You are very small and have problems with some larger weapons.
You are too small for most types of armour.
You have supernaturally acute eyesight. (SInv)
You cover ground extremely quickly. (Speed+++)


Message History

You shoot an arrow. The arrow closely misses the hell rat.
The arrow hits the hell rat but does no damage.
The hell rat bites you. The basilisk gazes at you.
You are slowing down.
The yak gores you but does no damage.
You shoot an arrow. The arrow closely misses the hell rat.
The arrow barely misses the hell rat.
The hell rat barely misses you. The yak gores you!
The basilisk closely misses you. The hell rat bites you!
You feel drained.
Your limbs are stiffening.
You shoot an arrow. The arrow hits the hell rat.
The hell rat is lightly wounded.
The hell rat barely misses you. The basilisk bites you!
The yak gores you but does no damage.
The hell rat bites you but does no damage.
You have turned to stone.
The yak gores you! The basilisk bites you. The hell rat bites you!
The yak gores you but does no damage.
The basilisk bites you but does no damage.
The hell rat bites you but does no damage.
The yak gores you but does no damage. The basilisk gazes at you.
You resist with almost no effort. The hell rat bites you!
* * * LOW HITPOINT WARNING * * *
The yak gores you but does no damage.
The basilisk bites you but does no damage.
The hell rat bites you!
* * * LOW HITPOINT WARNING * * *
The hell rat bites you but does no damage.
The basilisk bites you. The yak gores you.
* * * LOW HITPOINT WARNING * * *
The hell rat bites you but does no damage.
The yak gores you.
* * * LOW HITPOINT WARNING * * *
The basilisk gazes at you. The hell rat bites you.
* * * LOW HITPOINT WARNING * * *
The yak gores you but does no damage. The basilisk bites you.
The hell rat bites you!
You die...

### ♣♣♣♣♣♣ #Y##♣
♣♣~P~~♣♣
#@rr♣♣♣♣P≈≈P~P♣
#l##♣♣~P≈≈≈≈~~♣♣
#Y# ♣P≈≈≈≈≈≈≈~P♣
#†# ♣~≈≈≈≈≈≈≈~~♣♣#
#.# ♣~P≈≈≈≈≈≈~~~♣.
#.##♣~P≈≈≈≈≈~~~~♣#
#....P~~~P≈≈~~~~..
########
#####~~P~~~~~~~~#.
#....>.#
#....~~~~~~~~~~~#.


You could see 2 yaks, a basilisk and 2 hell rats.

Vanquished Creatures
  2 two-headed ogres
  A deep elf pyromancer (D:9)
  A cyclops (D:11)
  Joseph (D:7)
  A cane toad (Lair:1)
  An unseen horror (D:8)
  A hornet (D:9)
  3 spriggans
  A shadow (D:11)
  2 wraiths
  2 basilisks (D:8)
  A wyvern (D:10)
  16 yaks
  2 steam dragons (D:8)
  Menkaure (D:7)
  A warg (D:11)
  An acid dragon (D:11)
  4 water moccasins
  11 orc warriors
  3 ice beasts
  5 black bears
  2 sky beasts (D:8)
  2 ogres
  2 phantoms (D:6)
  10 centaurs
  3 kobold brigands (D:8)
  5 bullfrogs
  3 necrophages
  A scorpion (D:7)
  2 gnoll sergeants
  4 wights (D:9)
  3 killer bees (D:8)
  A howler monkey (D:8)
  7 electric eels (D:8)
  3 jellies (D:5)
  A gnoll bouda (D:8)
  A hound (D:5)
  4 orc priests
  5 iguanas
  4 orc wizards
  3 hell rats (D:8)
  A mummy (D:7)
  16 gnolls
  17 adders
  2 shadow imps
  2 white imps
  An ufetubus (D:5)
  3 worms
  34 orcs
  6 bats
  12 endoplasms
  3 giant cockroaches
  7 hobgoblins
  9 jackals
  9 ball pythons
  A frilled lizard (D:1)
  3 goblins
  2 hobgoblin zombies (D:7)
  14 kobolds
  A kobold zombie (D:7)
  An orc zombie (D:7)
  5 rats
276 creatures vanquished.

Vanquished Creatures (others)
  A fungus (Lair:1)
  34 plants
35 creatures vanquished.

Grand Total: 311 creatures vanquished

Notes
Turn   | Place    | Note
-------+----------+-------------------------------------------
     0 | D:1      | wormed the Spriggan Hunter began the quest for the Orb.
     0 | D:1      | Reached XP level 1. HP: 10/10 MP: 2/2
    93 | D:1      | Reached skill level 2 in Stealth
   106 | D:1      | Reached XP level 2. HP: 15/15 MP: 3/3
   661 | D:2      | Reached XP level 3. HP: 18/18 MP: 4/4
   864 | D:2      | Reached skill level 3 in Stealth
   867 | D:2      | Reached XP level 4. HP: 23/23 MP: 5/5
  1447 | D:3      | Reached skill level 5 in Ranged Weapons
  1494 | D:3      | Reached XP level 5. HP: 27/27 MP: 6/6
  1560 | D:3      | Found a white marble altar of Elyvilon.
  2152 | D:4      | Reached skill level 4 in Stealth
  2171 | D:4      | Reached XP level 6. HP: 32/32 MP: 7/7
  2466 | D:4      | Reached skill level 5 in Stealth
  2783 | D:5      | Entered Level 5 of the Dungeon
  2994 | D:5      | Reached skill level 5 in Dodging
  2994 | D:5      | Reached XP level 7. HP: 26/36 MP: 8/8
  3314 | D:5      | Reached skill level 6 in Stealth
  3375 | D:5      | Found Ugequ Dioju's Serpentskin Sales.
  3698 | D:5      | Reached XP level 8. HP: 30/42 MP: 9/9
  3964 | D:5      | Reached skill level 7 in Stealth
  4567 | D:6      | Identified the +5 hand axe of Ruination {flame, Will+++}
  4659 | D:6      | Reached skill level 8 in Stealth
  4856 | D:6      | Reached XP level 9. HP: 42/46 MP: 10/10
  5104 | D:7      | Found a hide-covered altar of Uskayaw.
  5104 | D:7      | Noticed Joseph
  5121 | D:7      | Killed Joseph
  5390 | D:7      | Found a staircase to the Ecumenical Temple.
  5401 | Temple   | Entered the Ecumenical Temple
  5811 | Temple   | Became a worshipper of Warmaster Okawaru
  6292 | D:7      | Reached skill level 9 in Stealth
  6339 | D:7      | Reached skill level 5 in Fighting
  6418 | D:7      | Noticed Menkaure
  6428 | D:7      | Killed Menkaure
  7373 | D:8      | Found a flagged portal.
  7382 | Bailey   | Entered a bailey
  7486 | Bailey   | Reached * piety under Okawaru
  7560 | Bailey   | Identified the +1 shadow dragon scales "Yskumaty" {Will+
                  | Stlth++++}
  7773 | Bailey   | Reached skill level 10 in Stealth
  7819 | Bailey   | Reached skill level 10 in Ranged Weapons
  7941 | Bailey   | Reached XP level 10. HP: 47/51 MP: 11/11
  8483 | D:8      | Reached ** piety under Okawaru
  8631 | D:8      | Noticed a centaur warrior
  9086 | D:8      | Reached skill level 11 in Stealth
  9524 | D:9      | Found a runed translucent door.
  9524 | D:9      | Noticed Newt's ghost (novice DsGl)
  9529 | D:9      | Noticed a deep elf pyromancer
  9539 | D:9      | Killed a deep elf pyromancer
  9539 | D:9      | Reached *** piety under Okawaru
  9540 | D:9      | Reached skill level 10 in Dodging
 10874 | D:10     | Entered Level 10 of the Dungeon
 10945 | D:10     | Reached **** piety under Okawaru
 10946 | D:10     | Reached XP level 11. HP: 57/58 MP: 12/12
 11162 | D:10     | Reached skill level 12 in Stealth
 11618 | D:11     | Noticed a two-headed ogre
 11645 | D:10     | Killed a two-headed ogre
 11833 | D:11     | Noticed a two-headed ogre
 11855 | D:11     | Killed a two-headed ogre
 11855 | D:11     | Reached ***** piety under Okawaru
 11919 | D:11     | Noticed a boulder beetle
 12522 | D:8      | Found a staircase to the Lair.
 12972 | Lair:1   | Entered Level 1 of the Lair of Beasts
 13056 | D:8      | Reached skill level 13 in Stealth
 13149 | D:8      | Received a gift from Okawaru
 13279 | D:8      | Slain by a hell rat

Illustrated notes

Levels and vault maps discovered:
D:1:      dpeg_arrival_boxorama, layout_basic
D:2:      layout_rooms
D:3:      layout_basic, mainiacjoe_overflow_surrounded_room
D:4:      layout_cave_pools
D:5:      minmay_clustersquares, layout_basic, guppyfry_shop_venom
D:6:      layout_cave_pods
D:7:      layout_loops_corners, nicolae_uskayaw_dance_hall,
          minmay_temple_entry_statues_fountains, minmay_mini_ossuary,
          uniq_joseph, uniq_menkaure
D:8:      nzn_winding_woodlands_medium [nzn_winding_woodlands_5x5_perimeter,
          nzn_winding_woodlands_5x15_pool, nzn_winding_woodlands_5x5_cross,
          nzn_winding_woodlands_5x5_checkerboard,
          nzn_winding_woodlands_center_pierced_h,
          nzn_winding_woodlands_5x5_open_star,
          nzn_winding_woodlands_5x5_closed_star, nzn_winding_woodlands_5x15_eye,
          nzn_winding_woodlands_5x5_default], layout_basic, serial_bayou,
          serial_bayou_shore_b, serial_bayou_lake_a, serial_bayou_shore_a,
          serial_bayou_pond_d, enter_bailey_2, minivault_23
D:9:      layout_stronghold, hellmonk_ghost_happy_afterlife, serial_glass,
          glass_columns_b, glass_columns_a
D:10:     layout_roguey, grunt_decor_one_mirror, minmay_misc_feat_more_columns
D:11:     layout_basic, minmay_orc_entry_guard_dogs, yredelemnul_altar_generic
Temple:   mainiacjoe_temple_big_plus
Lair:1:   layout_chaotic_city, chequers_serial_rivers_small_3, wad_woods_02

Skill      XL: |  1  2  3  4  5  6  7  8  9 10 11 |
---------------+----------------------------------+-----
Stealth        | 2 3 4 5 6 8 10 11 13 | 13.2
Dodging        | 3 4 5 6 7 8 10 11 | 11.4
Fighting       | 2 3 4 5 6 7 |  7.3
Ranged Weapons | 5 6 7 8 10 11 12 | 12.7

Action                   |  1- 3 |  4- 6 |  7- 9 | 10-12 || total
-------------------------+-------+-------+-------+-------++-------
 Fire: Shortbow          |   114 |   198 |   474 |   572 ||  1358
Evoke: Wand              |       |       |     1 |       ||     1
  Use: Scroll            |       |       |     9 |     4 ||    13
       Potion            |       |       |     1 |     1 ||     2
Armor: Robe              |     5 |    22 |    25 |     8 ||    60
       Steam dragon scal |       |       |       |    40 ||    40
Dodge: Dodged            |    35 |   102 |   250 |   322 ||   709

Table legend: (Time is in decaauts)
 A = Elapsed time spent in this place.
 B = Non-inter-level travel time spent in this place.
 C = Inter-level travel time spent in this place.
 D = Time resting spent in this place.
 E = Time spent auto-exploring this place.
 F = Levels seen in this place.
 G = Mean time per level.
                   A        B        C        D        E       F      G
               +--------+--------+--------+--------+--------+-----+--------+
         Total |   9806 |   9149 |    657 |      0 |   6606 |  14 |  700.4 |
       Dungeon |   8894 |   8261 |    633 |      0 |   6219 |  11 |  808.5 |
        Temple |    268 |    244 |     24 |      0 |    237 |   1 |  268.0 |
          Lair |     56 |     56 |      0 |      0 |     10 |   1 |   56.0 |
        Bailey |    587 |    587 |      0 |      0 |    139 |   1 |  587.0 |
               +--------+--------+--------+--------+--------+-----+--------+

Top non-repeatable levels by time:
     D:8: 2163 daAuts
     D:9: 1116 daAuts
     D:5: 1002 daAuts
     D:7: 951 daAuts
     D:4: 795 daAuts
     D:6: 628 daAuts
  Bailey: 587 daAuts
    D:10: 566 daAuts
     D:3: 547 daAuts
     D:2: 519 daAuts
     D:1: 402 daAuts
  Temple: 268 daAuts
    D:11: 199 daAuts
  Lair:1: 56 daAuts
